 Dungeon Crawl Stone Soup version 0.27.1-2-g3b301248ec (webtiles) character file.

Game seed: 16591861115756650588

185 Borgoz the Skirmisher (level 5, 0/49 HPs)
             Began as a Gargoyle Berserker on Sept 26, 2021.
             Was a Believer of Trog.
             Slain by a lemure (8 damage)
             ... led by Pikel
             ... on level 4 of the Dungeon.
             The game lasted 00:02:24 (3376 turns).

Borgoz the Skirmisher (Gargoyle Berserker)          Turns: 3376, Time: 00:02:24

Health: 0/49       AC: 10    Str: 20    XL:     5   Next: 64%
Magic:  5/5        EV: 10    Int:  8    God:    Trog [**....]
Gold:   109        SH:  0    Dex: 10    Spells: 4/4 levels left

rFire    . . .     SeeInvis .   a - +0 falchion
rCold    . . .     Faith    .   (no shield)
rNeg     + . .     Spirit   .   i - +0 scale mail
rPois    ∞         Reflect  .   (no helmet)
rElec    +         Harm     .   (no cloak)
rCorr    .         Rampage  .   (no gloves)
Will     .....                  (no boots)
Stlth    ..........             (no amulet)
HPRegen  0.16/turn              (no ring)
MPRegen  0.09/turn              (no ring)

@: berserking (expiring), very quick
A: sickness immunity, AC +4, negative energy resistance 1, electricity
resistance, torment resistance 1, petrification resistance
a: Renounce Religion, Berserk, Trog's Hand


You were on level 4 of the Dungeon.
You worshipped Trog.
Trog was pleased with you.
You visited 1 branch of the dungeon, and saw 4 of its levels.

You collected 109 gold pieces.

Inventory:

Hand Weapons
 a - a +0 falchion (weapon)
Armour
 i - a +0 scale mail (worn)
Wands
 j - a wand of digging (8)
 m - a wand of mindburst (14)
Scrolls
 f - a scroll of teleportation
 l - a scroll of magic mapping {unknown}
Potions
 b - 2 potions of curing
 c - a potion of attraction {unknown}
 d - a potion of lignification {unknown}
 e - a potion of heal wounds
 g - a potion of flight {unknown}
 h - a potion of mutation {unknown}
 k - a potion of ambrosia {unknown}


   Skills:
 + Level 4.2 Fighting
 * Level 4.1 Long Blades
 + Level 3.3 Armour
 + Level 2.4 Dodging


You had 4 spell levels left.
You didn't know any spells.
Your spell library was empty.

Dungeon Overview and Level Annotations

Branches:
Dungeon (4/15)
 Temple: D:4-7

Altars:

Annotations:
D:4 Pikel


Innate Abilities, Weirdness & Mutations

You are immune to sickness and miasma.
Your stone body is resilient. (AC +4)
You are immune to poison.
You resist negative energy. (rN+)
You are resistant to electric shocks. (rElec)
You are resistant to unholy torment.
You are immune to petrification.


Message History

The lemure closely misses you.
You riposte.
You hit the lemure.
The lemure is lightly wounded.
The lemure hits you.
You barely miss Pikel.
Pikel is moderately wounded.
Pikel hits you with a +1 whip of electrocution!
The lemure hits you but does no damage.
You hit Pikel.
Pikel is heavily wounded.
The lemure hits you! The lemure barely misses you. Pikel barely misses you.
You riposte.
You slash Pikel!
Pikel is heavily wounded.
You barely miss Pikel.
Pikel is heavily wounded.
The lemure barely misses you. x2; The lemure hits you but does no damage.
Pikel barely misses you.
You closely miss Pikel.
Pikel is heavily wounded.
The lemure hits you. The lemure hits you but does no damage.
The lemure hits you.
Pikel hits you with a +1 whip of electrocution!
* * * LOW HITPOINT WARNING * * *
You closely miss Pikel.
Pikel is heavily wounded.
The lemure hits you but does no damage. The lemure barely misses you.
You riposte.
You barely miss the lemure. You barely miss Pikel.
Pikel is heavily wounded.
The lemure barely misses you. Pikel barely misses you.
You closely miss Pikel.
Pikel is heavily wounded.
The lemure hits you.
* * * LOW HITPOINT WARNING * * *
The lemure barely misses you.
You riposte.
You slash the lemure!
The lemure is severely wounded.
Pikel hits you but does no damage.
You barely miss Pikel.
Pikel is heavily wounded.
The lemure hits you!
You die...

⌠################.....
...........#......#.....
...........#......#.....
...........#......#.....
...........+......#.....
...........######'#.....
#.......$...............
+.....55.......(........
#.....K@................
#.....55.......>........
#.....###+#........#####
#..... #........# #....
#........# +....
####+###.# #... #...


You could see Pikel (resistant) and 4 lemures.

Vanquished Creatures
  A hound (D:3)
  Jessica (D:3)
  A gnoll (D:1)
  6 adders
  2 worms (D:2)
  A dart slug (D:3)
  3 orcs
  2 bats
  5 endoplasms
  2 giant cockroaches
  4 goblins
  8 hobgoblins
  5 kobolds
  10 ball pythons
  6 frilled lizards
  3 rats
60 creatures vanquished.

Notes
Turn   | Place    | Note
-------+----------+-------------------------------------------
     0 | D:1      | Borgoz the Gargoyle Berserker began the quest for the Orb.
     0 | D:1      | Reached XP level 1. HP: 14/14 MP: 1/1
   103 | D:1      | Reached XP level 2. HP: 8/19 MP: 2/2
   650 | D:1      | Reached XP level 3. HP: 20/23 MP: 3/3
  1118 | D:2      | Found a faded altar of an unknown god.
  1636 | D:2      | Reached ** piety under Trog
  1911 | D:2      | Reached XP level 4. HP: 18/29 MP: 4/4
  2839 | D:3      | Reached XP level 5. HP: 33/33 MP: 5/5
  3097 | D:3      | Noticed Jessica
  3108 | D:3      | Killed Jessica
  3355 | D:4      | Noticed a lemure
  3357 | D:4      | Noticed a lemure
  3358 | D:4      | Noticed Pikel
  3358 | D:4      | Noticed a lemure
  3360 | D:4      | Noticed a lemure
  3376 | D:4      | Slain by a lemure

Illustrated notes

Levels and vault maps discovered:
D:1:      nicolae_arrival_memento_mori, layout_loops_ring
D:2:      layout_basic, serial_curves, eino_curves_04, eino_curves_04,
          basic_ecumenical_altar, minmay_pentomino_q2
D:3:      layout_basic, uniq_jessica
D:4:      layout_gridville, serial_shops, shop_fountains, minmay_manual_mares,
          uniq_pikel

Skill      XL: |  1  2  3  4  5 |
---------------+----------------+-----
Long Blades    | 3 4 |  4.1
Dodging        | 2 |  2.4
Armour         | 3 |  3.3
Fighting       | 4 |  4.2

Action                   |  1- 3 |  4- 6 || total
-------------------------+-------+-------++-------
Melee: Falchion          |   111 |   105 ||   216
Invok: Berserk           |     2 |     3 ||     5
  Use: Scroll            |     5 |       ||     5
Armor: Animal skin       |     8 |       ||     8
       Ring mail         |    30 |       ||    30
       Scale mail        |     7 |    56 ||    63
Dodge: Dodged            |    69 |    73 ||   142
       Rpst.: Falchion   |    23 |    21 ||    44
